 Dungeon Crawl Stone Soup version 0.30-a0-311-gf115ab0292 (webtiles) character file.

Game seed: 12279179637692691294

100 Elric the Shield-Bearer (level 5, -1/28 HPs)
             Began as a Meteoran Fighter on Oct 25, 2022.
             Was an Initiate of Okawaru.
             Slain by an orc wizard
             ... wielding a +0 dagger
              (2 damage)
             ... on level 3 of the Dungeon.
             The game lasted 00:12:54 (2116 turns).

Elric the Shield-Bearer (Meteoran Fighter)          Turns: 2116, Time: 00:12:55

Health: -1/28      AC:  7    Str: 20    XL:     5   Next: 24%
Magic:  6/6        EV:  9    Int:  9    God:    Okawaru [......]
Gold:   87         SH:  5    Dex: 13    Spells: 4/4 levels left

rFire   . . .      SeeInvis .    a - +0 flail
rCold   . . .      Faith    .    c - +0 buckler
rNeg    . . .      Spirit   .    b - +0 scale mail
rPois   .          Reflect  .    (no helmet)
rElec   .          Harm     .    g - scarf {repulsion}
rCorr   .          Rampage  .    (no gloves)
Will    .....                    (no boots)
Stlth   ..........               (no amulet)
HPRegen 0.24/turn                (no ring)
MPRegen 0.10/turn                (no ring)

@: glowing, repel missiles
A: sense surroundings 1, otherworldly, glowing, explore regen
a: Renounce Religion


You were on level 3 of the Dungeon.
You worshipped Okawaru.
Okawaru was noncommittal.
You visited 1 branch of the dungeon, and saw 4 of its levels.

You collected 152 gold pieces.
You spent 65 gold pieces at shops.

Inventory:

Hand Weapons
 a - a +0 flail (weapon)
 e - a +0 mace of protection
 n - a +1 vorpal spear
Armour
 b - a +0 scale mail (worn)
 c - a +0 buckler (worn)
 g - a scarf of repulsion (worn)
Jewellery
 m - an amulet of guardian spirit
 s - an amulet of regeneration
Scrolls
 f - 2 scrolls of teleportation {unknown}
 i - a scroll of blinking {unknown}
 j - a scroll of enchant armour {unknown}
 k - 3 scrolls of identify {unknown}
 p - a scroll of amnesia {unknown}
 q - a scroll of magic mapping {unknown}
 t - a scroll of immolation {unknown}
Potions
 d - 2 potions of might
 h - 3 potions of brilliance {unknown}
 l - 2 potions of cancellation {unknown}
 r - a potion of curing {unknown}


   Skills:
 * Level 4.2 Fighting
 * Level 3.9 Maces & Flails
 + Level 4.1 Armour
 + Level 1.3 Dodging
 + Level 4.3 Shields


You had 4 spell levels left.
You didn't know any spells.
Your spell library contained the following spells:

 Spells                   Type           Power      Damage    Failure   Level
 Sublimation of Blood     Necr           0%         N/A       92%         2
 Inner Flame              Hex/Fire       0%         N/A       99%         3
 Flame Wave               Conj/Fire      0%         2d4       100%        4
 Petrify                  Tmut/Erth      0%         N/A       100%        4
 Sticky Flame             Conj/Fire      0%         2d3       100%        4
 Irradiate                Conj/Tmut      0%         3d11      100%        5


Dungeon Overview and Level Annotations

Branches:
Dungeon (4/15) Zot: 626
 Temple: D:4-7

Altars:
Okawaru
Ru

Shops:
D:3 !


Innate Abilities, Weirdness & Mutations

You passively map a small area around you.
You are easily found by Zot.
You glow in the dark.
You regain HP and MP as you explore.


Message History

Okawaru accepts your kill. Something hits you.
You hit something but do no damage. Something hits you.
Unknown command.
You miss something. Something hits you.
You completely miss something. Something hits you. x2
You are too injured to fight recklessly!
You are too injured to fight recklessly!
You are too injured to fight recklessly!
You are too injured to fight recklessly!
You miss something. Something hits you.
You miss something. You block something's attack.
You miss something. Something hits you.
You barely miss something. Something hits you.
* * * LOW HITPOINT WARNING * * *
Something hits you.
* * * LOW HITPOINT WARNING * * *
You start putting on your amulet.
You continue putting on your amulet of regeneration.
You are no longer corroded.
You block something's attack.
Keep equipping yourself? [Y]es or [N]o only, please.
Keep equipping yourself?
Uppercase [Y]es or [N]o only, please.
Keep equipping yourself? [Y]es or [N]o only, please.
Keep equipping yourself?
Uppercase [Y]es or [N]o only, please.
Keep equipping yourself?
Uppercase [Y]es or [N]o only, please.
Keep equipping yourself?
You continue putting on your amulet of regeneration.
Something hits you but does no damage.
You continue putting on your amulet of regeneration.
Something hits you.
* * * LOW HITPOINT WARNING * * *
You continue putting on your amulet of regeneration.
Something hits you.
You die...

#.......#.#.#.#.........
#.......#.#.#.#.........
#.......#...#.#.........
#######.#####.#...).....
#########.......#..###.###
#.........#####.#..# #...#
#.#######J#...#.#..# ##... #.#
#{#.#.#.#..# #... #.#
#@#.#.#.#..####... #.#
#.#.#...#....##... #.#
###.#.#####....##... #.#
#...#..........##... ##### #.#
###.#.#.#####....##... ....#
#.###...#.#.#...#....##...
###.####.....###.#.#.#.#....##...
........####.....#.#.#.#....#####
........# #.....#...#.#.####


You could see a jelly.

Vanquished Creatures
  3 adders
  4 worms
  3 dart slugs
  An orc (D:3)
  8 bats
  6 endoplasms
  A giant cockroach (D:3)
  7 goblins
  4 hobgoblins
  2 jackals (D:3)
  6 kobolds
  A quokka (D:2)
  3 ball pythons (D:1)
  A frilled lizard (D:2)
  4 rats
54 creatures vanquished.

Notes
Turn   | Place    | Note
-------+----------+-------------------------------------------
     0 | D:1      | Elric the Meteoran Fighter began the quest for the Orb.
     0 | D:1      | Reached XP level 1. HP: 19/19 MP: 2/2
   239 | D:1      | Reached XP level 2. HP: 23/26 MP: 3/3
   489 | D:1      | Glimpsed the power of Zot.
   539 | D:1      | Glimpsed the power of Zot.
   579 | D:1      | Glimpsed the power of Zot.
   589 | D:1      | Touched by the power of Zot.
   620 | D:2      | Reached XP level 3. HP: 24/24 MP: 4/4
   732 | D:2      | Reached XP level 4. HP: 33/33 MP: 5/5
   812 | D:2      | Reached skill level 1 in Dodging
  1218 | D:3      | Found Ruseup's Distillery.
  1236 | D:3      | Bought a potion of heal wounds for 65 gold pieces
  1243 | D:3      | Found an iron altar of Okawaru.
  1272 | D:3      | Became a worshipper of Warmaster Okawaru
  1426 | D:3      | Found a sacrificial altar of Ru.
  1673 | D:3      | Reached XP level 5. HP: 33/38 MP: 6/6
  1849 | D:3      | Glimpsed the power of Zot.
  1899 | D:3      | Glimpsed the power of Zot.
  1939 | D:3      | Glimpsed the power of Zot.
  1949 | D:3      | Touched by the power of Zot.
  2049 | D:3      | Glimpsed the power of Zot.
  2083 | D:3      | HP: 1/28 [orc wizard/puff of flame (6)]
  2115 | D:3      | HP: 1/28 [something (3)]
  2116 | D:3      | Slain by an orc wizard

Illustrated notes

Levels and vault maps discovered:
D:1:      evilmike_arrival_plus, layout_basic
D:2:      layout_rooms, minmay_goblin_kobold_house
D:3:      layout_basic, nicolae_ru_path_of_blood, okawaru_trees_1, serial_shops,
          shop, roderic_lattice_a
D:4:      layout_loops_ring, cheibrodos_ashenzari_chains,
          grunt_nemelex_the_gamble, mainiacjoe_overflow_boulevard,
          serial_forest, infiniplex_forest_end_2, infiniplex_forest_clump_large,
          infiniplex_forest_clump_cross, infiniplex_forest_clump_medium,
          infiniplex_forest_split, infiniplex_forest_straight_4,
          infiniplex_forest_lined_2, infiniplex_forest_straight_4

Skill      XL: |  1  2  3  4 |
---------------+-------------+-----
Maces & Flails | 3 |  3.9
Shields        | 4 |  4.3
Dodging        | 1 |  1.3
Armour         | 4 |  4.1
Fighting       | 4 |  4.2

Action                   |  1- 3 |  4- 6 || total
-------------------------+-------+-------++-------
Melee: Mace              |    83 |   116 ||   199
       Flail             |     4 |     8 ||    12
  Use: Potion            |       |     2 ||     2
Armor: Scale mail        |    49 |    67 ||   116
Dodge: Dodged            |    40 |    42 ||    82
       Repelled          |       |     1 ||     1
Block: Buckler           |    19 |    36 ||    55

Table legend: (Time is in decaauts)
 A = Elapsed time spent in this place.
 B = Non-inter-level travel time spent in this place.
 C = Inter-level travel time spent in this place.
 D = Time resting spent in this place.
 E = Time spent auto-exploring this place.
 F = Levels seen in this place.
 G = Mean time per level.
                   A        B        C        D        E       F      G
               +--------+--------+--------+--------+--------+-----+--------+
         Total |   2173 |   2046 |    127 |    100 |   1364 |   4 |  543.2 |
       Dungeon |   2173 |   2046 |    127 |    100 |   1364 |   4 |  543.2 |
               +--------+--------+--------+--------+--------+-----+--------+

Top non-repeatable levels by time:
     D:3: 930 daAuts
     D:1: 620 daAuts
     D:2: 615 daAuts
     D:4: 6 daAuts
